 Dungeon Crawl Stone Soup version 0.27-a0-457-gba82baf56e (webtiles) character file.

Game seed: 12443038134151629430

473772 Viznar the Metallomancer (level 24, -18/165 HPs)
             Began as a Gargoyle Earth Elementalist on Feb 27, 2021.
             Was the Champion of Vehumet.
             Demolished by a tengu reaver
             ... wielding a +2 broad axe of distortion
              (25 damage)
             ... on level 4 of the Vaults on Feb 28, 2021.
             The game lasted 02:27:45 (60017 turns).

Viznar the Metallomancer (GrEE)                    Turns: 60017, Time: 02:27:46

Health: -18/165    AC: 37    Str: 14    XL:     24   Next: 72%
Magic:  43/50      EV: 26    Int: 28    God:    Vehumet [******]
Gold:   3012       SH:  0    Dex: 27    Spells: 8/51 levels left

rFire    + + .     SeeInvis +   h - +7 demon whip (vorpal)
rCold    . . .     Faith    .   (no shield)
rNeg     + + .     Spirit   .   E - +3 leather armour {rF+}
rPois    ∞         Reflect  .   (helmet restricted)
rElec    +         Harm     .   s - +2 cloak
rCorr    .         Rampage  .   w - +2 pair of gloves
Will     +++..                  y - +2 pair of boots
Stlth    ++++......             e - amulet "Pehudgh" {RegenMP rF+ SInv}
HPRegen  0.37/turn              C - ring "Linisior" {*Corrode rPois MP+9 Int+4 Dex+9}
MPRegen  0.57/turn              Z - ring "Adyic" {+Inv rN+ Dex+8}

@: flying, very slightly contaminated
A: antennae 1, big wings, yellow scales 1, strong-willed 2, negative energy
resistance 1, robust 1, electricity resistance, weak 1, unbreathing,
petrification resistance, no potion heal 1, miasma immunity, AC +18
}: 2/15 runes: barnacled, gossamer
a: Stop Flying, Renounce Religion, Evoke Invisibility


You were on level 4 of the Vaults.
You worshipped Vehumet.
Vehumet was exalted by your worship.
You visited 8 branches of the dungeon, and saw 40 of its levels.
You visited the Abyss 3 times.
You also visited: Sewer and Ice Cave.

You collected 6131 gold pieces.
You spent 3119 gold pieces at shops.

Inventory:

Hand Weapons
 h - a +7 vorpal demon whip (weapon)
Missiles
 b - 1398 stones
 S - 14 throwing nets
Armour
 s - a +2 cloak (worn)
 w - a +2 pair of gloves (worn)
 y - a +2 pair of boots (worn)
 E - a +3 leather armour of fire resistance (worn)
Jewellery
 c - the ring "Xureil" {rPois rN+ AC+4 Str+6 Slay-6}
   (You found it on level 4 of the Spider Nest)

   [ring of protection]

   It affects your AC (+4).
   It affects your strength (+6).
   It affects your accuracy and damage with ranged weapons and melee attacks
   (-6).
   It protects you from poison.
   It protects you from negative energy.
 e - the amulet "Pehudgh" (around neck) {RegenMP rF+ SInv}
   (You found it on level 3 of the Shoals)

   [amulet of magic regeneration]

   It increases your magic regeneration.
   It protects you from fire.
   It lets you see invisible.
 n - a ring of protection from fire
 C - the ring "Linisior" (left hand) {*Corrode rPois MP+9 Int+4 Dex+9}
   (You found it on level 5 of the Dungeon)

   [ring of magical power]

   It affects your intelligence (+4).
   It affects your dexterity (+9).
   It protects you from poison.
   It affects your magic capacity (+9).
   It may corrode you when you take damage.
 K - the ring "Ityneifej" {Int+4 Dex+6}
   (You acquired it on level 15 of the Dungeon)

   [ring of dexterity]

   It affects your intelligence (+4).
   It affects your dexterity (+6).
 M - a ring of protection from fire
 X - a ring of wizardry
 Z - the ring "Adyic" (right hand) {+Inv rN+ Dex+8}
   (You took it off a deep elf annihilator on level 3 of the Elven Halls)

   [ring of positive energy]

   It affects your dexterity (+8).
   It protects you from negative energy.
   It lets you turn invisible.
Wands
 d - a wand of mindburst (27)
 m - a wand of iceblast (30)
 I - a wand of paralysis (28)
 O - a wand of acid (13)
Scrolls
 f - a scroll of magic mapping
 g - 5 scrolls of blinking
 q - 14 scrolls of teleportation
 t - 11 scrolls of fear
 z - 8 scrolls of fog
 D - 11 scrolls of amnesia
 G - 31 scrolls of identify
 U - a scroll of holy word
Potions
 i - 11 potions of ambrosia
 j - 7 potions of brilliance
 k - 4 potions of magic
 l - 13 potions of curing
 o - 4 potions of lignification
 u - 3 potions of cancellation
 v - 2 potions of invisibility
 x - 4 potions of might
 N - 4 potions of resistance
 R - a potion of mutation
 T - 4 potions of berserk rage
 V - 4 potions of haste
Miscellaneous
 a - a condenser vane
 p - a phantom mirror
 F - a lightning rod (4/4)
 J - a tin of tremorstones (2/2)
 L - a phial of floods
 Q - a box of beasts


   Skills:
 - Level 15.0 Fighting
 - Level 3.6(9.0) Axes
 - Level 13.3(13.5) Maces & Flails
 - Level 6.0 Armour
 - Level 12.2 Dodging
 - Level 6.0 Stealth
 - Level 14.2 Spellcasting
 - Level 15.5 Conjurations
 - Level 0.7 Transmutations
 - Level 15.8 Fire Magic
 + Level 22.7 Earth Magic
 - Level 10.0 Evocations


You had 8 spell levels left.
You knew the following spells:

 Your Spells              Type           Power        Failure   Level
a - Shatter               Erth           49%          8%          9
b - Stone Arrow           Conj/Erth      100%         0%          3
c - Lee's Rapid Deconstr  Erth           49%          0%          5
d - Iron Shot             Conj/Erth      45%          1%          6
e - Bolt of Magma         Conj/Fire/Erth 44%          1%          5
f - Irradiate             Conj/Tmut      30%          1%          5
g - Ignition              Fire           41%          9%          8
h - Passwall              Tmut/Erth      60%          1%          2

Your spell library contained the following spells:

 Spells                   Type           Power        Failure   Level
 Chain Lightning          Conj/Air       29%          88%         8
 Fire Storm               Conj/Fire      41%          75%         9
 Magic Dart               Conj           100%         0%          1
 Sandblast                Erth           100%         0%          1
 Searing Ray              Conj           100%         0%          2
 Conjure Flame            Conj/Fire      82%          0%          3
 Dazzling Flash           Conj/Hex       100%         1%          3
 Ignite Poison            Fire/Tmut/Pois 50%          1%          3
 Mephitic Cloud           Conj/Pois/Air  48%          1%          3
 Fulminant Prism          Conj/Hex       29%          1%          4
 Hailstorm                Conj/Ice       59%          1%          4
 Iskenderun's Mystic Bla  Conj/Tloc      59%          1%          4
 Petrify                  Tmut/Erth      72%          1%          4
 Iskenderun's Battlesphe  Conj           82%          1%          5
 Lightning Bolt           Conj/Air       29%          1%          5
 Starburst                Conj/Fire      41%          1%          6
 Orb of Destruction       Conj           41%          1%          7
 Beastly Appendage        Tmut           46%          2%          1
 Sting                    Tmut/Pois      84%          2%          1
 Animate Skeleton         Necr           38%          3%          1
 Apportation              Tloc           38%          3%          1
 Corona                   Hex            21%          3%          1
 Summon Small Mammal      Summ           76%          3%          1
 Wereblood                Tmut           23%          3%          2
 Blink                    Tloc           N/A          4%          2
 Call Imp                 Summ           19%          4%          2
 Corpse Rot               Necr/Air       N/A          4%          2
 Ensorcelled Hibernation  Hex/Ice        38%          4%          2
 Poisonous Vapours        Pois/Air       38%          4%          2
 Slow                     Hex            19%          4%          2
 Spider Form              Tmut/Pois      10%          9%          3
 Olgreb's Toxic Radiance  Pois           19%          9%          4
 Call Canine Familiar     Summ           19%          10%         3
 Confusing Touch          Hex            19%          10%         3
 Gell's Gravitas          Tloc           9%           10%         3
 Lesser Beckoning         Tloc           9%           10%         3
 Portal Projectile        Hex/Tloc       38%          10%         3
 Summon Guardian Golem    Hex/Summ       19%          10%         3
 Teleport Other           Tloc           19%          10%         3
 Tukima's Dance           Hex            19%          10%         3
 Yara's Violent Unravell  Hex/Tmut       10%          19%         5
 Ice Form                 Ice/Tmut       21%          26%         4
 Spellforged Servitor     Conj/Summ      29%          28%         7
 Dispel Undead            Necr           19%          32%         4
 Manifold Assault         Tloc           19%          32%         4
 Passage of Golubria      Tloc           N/A          32%         4
 Summon Ice Beast         Ice/Summ       19%          32%         4
 Summon Lightning Spire   Summ/Air       19%          32%         4
 Blade Hands              Tmut           11%          54%         5
 Alistair's Intoxication  Tmut/Pois      14%          58%         5
 Metabolic Englaciation   Hex/Ice        9%           65%         5
 Summon Forest            Summ/Tloc      9%           65%         5
 Eringya's Noxious Bog    Tmut/Pois      10%          67%         6
 Hydra Form               Tmut           11%          98%         6
 Dispersal                Tloc           9%           99%         6
 Invisibility             Hex            19%          99%         6
 Ozocubu's Refrigeration  Ice            9%           99%         7
 Dragon Form              Tmut           11%          100%        7
 Summon Hydra             Summ           9%           100%        7
 Borgnjor's Revivificati  Necr           9%           100%        8
 Disjunction              Tloc           9%           100%        8
 Infestation              Necr           9%           100%        8
 Necromutation            Tmut/Necr      10%          100%        8
 Death's Door             Necr           9%           100%        9
 Statue Form              Tmut/Erth      Unusable     N/A         6

Dungeon Overview and Level Annotations

Branches:
Dungeon (15/15)            Temple (1/1) D:5            Lair (6/6) D:10
 Shoals (4/4) Lair:2       Spider (4/4) Lair:3        Slime (0/5) Lair:5
    Orc (2/2) D:10            Elf (3/3) Orc:2        Vaults (5/5) D:13
  Crypt (0/3) Vaults:3     Depths (0/5) D:15          Sewer (visited)
  IceCv (visited)

Altars:
Ashenzari
Cheibriados
Dithmenos
Elyvilon
Fedhas
Gozag
Hepliaklqana
Kikubaaqudgha
Makhleb
Nemelex Xobeh
Okawaru
Qazlal
Ru
Sif Muna
Trog
Uskayaw
Vehumet
Wu Jian
Xom
Yredelemnul
Zin
The Shining One
Beogh

Shops:
D:4 [   D:15 *   Orc:2 :?*[   Elf:2 *([!

Annotations:
Shoals:2 2 transporters, ReteAZ's ghost, journeyman MiGl
Orc:1 3 runed translucent doors, Voek's ghost, journeyman HOFi
Elf:2 3 runed translucent doors
Elf:3 2 runed translucent doors, Govadawn's ghost, adept DsIE


Innate Abilities, Weirdness & Mutations

You are resistant to torment.
Your stone body is resilient. (AC +18)
You are immune to poison.
Your large and strong wings let you fly indefinitely.
You resist negative energy. (rN+)
You are resistant to electric shocks. (rElec)
You can survive without breathing.
You are immune to petrification.
You are immune to miasma.
You have a pair of small antennae on your head.
You are partially covered in yellow scales. (AC +2)
You are highly strong-willed. (Will++)
You are robust. (+10% HP)
You are weak. (Str -2)
Potions are less effective at restoring your health.


Message History

An ogre mage comes into view. It is wielding a +0 spear.
An ogre comes into view. It is wielding a +0 giant spiked club.
A yaktaur comes into view.
A stone giant comes into view.
The shadow dragon barely misses you. x2
The shadow dragon claws you but does no damage.
Unknown command.
Unknown command.
Unknown command.
The stone giant throws a large rock.
The large rock completely misses you.
The tengu reaver hits you but does no damage.
Space bends around you.
* * * LOW HITPOINT WARNING * * *
The tengu reaver completely misses you.
The tengu reaver claws you but does no damage.
The stone giant throws a large rock.
The large rock misses you.
The yaktaur wields a +0 arbalest.
The yaktaur shoots a bolt.
The bolt hits you!
* * * LOW HITPOINT WARNING * * *
The shadow dragon bites you.
* * * LOW HITPOINT WARNING * * *
The shadow dragon completely misses you.
The shadow dragon barely misses you.
You fly upwards.
There is a stone staircase leading down here.
Casting: Shatter (dangerous; 8% risk of failure)
Confirm with . or Enter, or press ? or * to list all spells.
Casting: Ignition (dangerous; 9% risk of failure)
Press: ? - help, Dir - look around, f - activate The air bursts into flame!
The fireball engulfs the tengu reaver!
The tengu reaver resists.
The tengu reaver is heavily wounded.
The fireball engulfs the shadow dragon.
The shadow dragon is almost dead.
The fireball engulfs the shadow dragon.
The shadow dragon is almost dead.
The fireball engulfs the tengu reaver.
The tengu reaver resists.
The tengu reaver is heavily wounded.
The tengu reaver hits you with a +2 broad axe of distortion!
* * * LOW HITPOINT WARNING * * *
Space warps horribly around you!!
You die...

#.. #.. #.. #.. #.. #..
#.. #### ##### #..
#..####.@Q# ##### #..
#### #..'..'..D## ##...##
#.. ...#
#..#..##.#.###.....## #..
...#
##'####((#.##.......###..
...#
#..#.'((†##..#####..##..
...#
#..####..#...#...#...'..
...#
##..#.[#)[#...#...#...###
...#
#........<....#...#...# #
...#
#....###...#..##'##..## #


You could see a shadow dragon (catching breath) and a tengu reaver.

Vanquished Creatures
  Saint Roka (Orc:2)
  2 golden dragons (Vaults:4)
  Nikola (Spider:3)
  Arachne (Spider:3)
  3 tentacled monstrosities
  2 Ice Fiends (IceCv)
  Rupert (D:13)
  2 liches
  4 titans (Vaults:5)
  2 deep elf master archers (Elf:3)
  2 deep elf blademasters (Elf:3)
  A quicksilver dragon (Vaults:5)
  Polyphemus (Shoals:4)
  3 sphinxes
  2 storm dragons
  Roxanne (Shoals:4)
  Agnes (Spider:3)
  5 tentacled starspawn
  A shadow dragon (Vaults:5)
  Donald (Shoals:1)
  4 tengu reavers
  4 fire giants
  2 iron dragons
  11 deep elf sorcerers
  3 frost giants
  Louise (Elf:1)
  4 ghost moths
  4 vault wardens
  4 emperor scorpions (Spider:4)
  A very ugly thing (Vaults:2)
  An orc warlord (Orc:2)
  Aizul (Shoals:4)
  4 deep elf elementalists (Elf:3)
  The ghost of So1o the Warrior, an adept FeEn of Ashenzari (Vaults:1)
  14 ironheart preservers
  3 war gargoyles
  5 stone giants
  7 deep elf annihilators (Elf:3)
  6 deep elf demonologists (Elf:3)
  An entropy weaver (Spider:2)
  Azrael (D:12)
  A spark wasp (Spider:3)
  An eidolon (Abyss:2)
  A crystal guardian (Vaults:5)
  7 deep elf death magi
  A green death (Abyss:3)
  3 merfolk javelineers (Shoals:4)
  5 ettins
  5 deep elf high priests
  4 fire dragons
  13 yaktaur captains
  2 rakshasas
  2 great orbs of eyes
  10 merfolk impalers
  2 ice dragons (Vaults:2)
  8 boulder beetles
  8 hydras
  28 vault guards
  8 ogre magi
  The ghost of Fafruxeps the Destroyer, a journeyman DsCj of Cheibriados (D:12)
  An anaconda (shapeshifter) (D:13)
  7 merfolk aquamancers
  3 alligator snapping turtles (Shoals:4)
  2 satyrs
  11 centaur warriors
  2 catoblepae
  29 two-headed ogres
  13 dancing weapons
  Erica (D:9)
  8 death yaks
  2 deep troll earth magi
  A vampire mage (Abyss:3)
  8 death scarabs (Spider:4)
  A deep troll shaman (Vaults:2)
  2 tengu warriors (D:12)
  7 thrashing horrors
  A queen ant (shapeshifter) (Vaults:5)
  2 hell knights
  6 wretched stars
  19 deep elf knights
  10 large abominations
  Nergalle (D:12)
  A storm dragon zombie (Abyss:3)
  5 sea snakes
  A spark wasp zombie (D:15)
  2 sixfirhies
  A shadow wraith (Vaults:3)
  5 skeletal warriors
  A flayed ghost (Abyss:2)
  8 unseen horrors
  22 deep trolls
  2 spatial maelstroms
  A glowing orange brain (shapeshifter) (D:13)
  2 glowing orange brains
  A lindwurm (shapeshifter) (Vaults:1)
  16 orc knights
  A harpy (shapeshifter) (Elf:1)
  6 starcursed masses (Abyss:2)
  3 spectral wolf spiders (Spider:4)
  7 ironbrand convokers
  A wizard (Elf:1)
  14 deep elf archers
  Pikel (D:8)
  A lindwurm (Lair:6)
  2 phantasmal warriors
  26 harpies
  2 necromancers
  An anaconda skeleton (Abyss:3)
  23 deep elf pyromancers
  25 deep elf zephyrmancers
  21 ugly things
  7 orc sorcerers
  8 orb spiders
  A salamander (Abyss:2)
  15 fauns
  4 wolf spider zombies (Spider:4)
  26 wolf spiders
  A frost giant zombie (D:15)
  5 moths of wrath
  8 manticores
  30 elephants
  8 merfolk sirens
  12 cyclopes
  3 worldbinders
  An apocalypse crab (Abyss:3)
  Maurice (D:10)
  2 centaur zombies (D:14)
  An eye of devastation (shapeshifter) (Vaults:2)
  A spriggan zombie (D:15)
  A frost giant skeleton (Vaults:2)
  2 ice statues (IceCv)
  3 black mambas
  Joseph (D:9)
  4 smoke demons
  A water nymph (shapeshifter) (Abyss:2)
  2 black mambas (shapeshifter)
  4 water nymphs
  An eye of devastation (Abyss:2)
  2 molten gargoyles (Lair:6)
  A cane toad (shapeshifter) (Abyss:3)
  11 vault sentinels
  A gargoyle (D:13)
  3 centaur skeletons
  A dire elephant skeleton (Abyss:3)
  2 torpor snails (Spider:4)
  12 cane toads
  5 rime drakes
  An efreet (Abyss:3)
  11 freezing wraiths
  A human zombie (Vaults:2)
  19 demonic crawlers
  17 komodo dragons
  2 spectral redbacks (Spider:4)
  29 yaktaurs
  2 redback zombies (Spider:4)
  14 ice devils (IceCv)
  5 ancient zymes
  A hellwing (Abyss:3)
  31 merfolk
  14 trolls
  A queen bee (shapeshifter) (Vaults:5)
  8 wind drakes
  2 spectral jumping spiders (Spider:4)
  28 jumping spiders
  16 raiju
  10 blink frogs
  Grinder (D:3)
  11 hornets
  14 slime creatures
  4 spectral tarantellas (Spider:4)
  4 dream sheep (Shoals:3)
  A tarantella zombie (Spider:4)
  A frost giant simulacrum (Vaults:1)
  A hydra skeleton (Abyss:3)
  A raiju (shapeshifter) (Elf:1)
  8 snapping turtles
  A meliai zombie (D:11)
  A fire giant simulacrum (Vaults:3)
  37 tarantellas
  4 flying skulls (Abyss:3)
  2 air elementals (Elf:2)
  10 wyverns
  40 redbacks
  13 water elementals
  2 vampires
  A ynoxinul (Abyss:2)
  A spriggan skeleton (D:15)
  3 wraiths
  A wyvern (shapeshifter) (D:15)
  A hog (shapeshifter) (Vaults:2)
  51 yaks
  2 golden eyes (Abyss:3)
  A yak (shapeshifter) (Vaults:4)
  A basilisk (shapeshifter) (Elf:3)
  5 fire elementals
  11 vampire mosquitoes
  3 chaos spawn
  3 neqoxecs
  2 steam dragons (Lair:6)
  8 basilisks
  2 acid dragons (Vaults:2)
  A soldier ant (shapeshifter) (Vaults:1)
  9 wargs
  14 hell hounds
  A spatial vortex (Abyss:3)
  12 small abominations
  11 water moccasins
  Duvessa (D:4)
  4 ice beasts
  5 sky beasts
  4 black bears
  49 orc warriors
  3 spectral hornets (Spider:4)
  An eye of draining (D:10)
  3 hornet zombies
  2 black bears (shapeshifter)
  3 necrophages
  An ettin simulacrum (Vaults:2)
  2 boggarts (Elf:1)
  39 ogres
  8 wolves
  32 centaurs
  4 phantoms
  2 kobold brigands
  2 earth elementals
  21 bullfrogs
  6 scorpions
  A hornet simulacrum (D:13)
  Dowan (D:4)
  7 wights
  10 killer bees
  A troll skeleton (Abyss:2)
  A bullfrog zombie (D:7)
  A crimson imp (Abyss:2)
  5 lava snakes (Lair:6)
  2 quasits
  7 hounds
  A jelly (D:6)
  21 orc priests
  2 iron imps (Abyss:2)
  Terence (D:3)
  2 iguanas
  25 orc wizards
  Natasha (twice) (D:3)
  9 worker ants
  A hound zombie (D:10)
  2 hound skeletons
  3 worker ant zombies
  5 gnolls
  15 adders
  A river rat (Sewer)
  4 shadow imps
  11 white imps
  12 ufetubi
  An ooze (D:6)
  3 worms
  3 dart slugs
  5 leopard geckos
  109 orcs
  11 giant cockroaches
  8 goblins
  5 hobgoblins
  26 jackals
  7 quokkas
  3 ball pythons
  4 bats
  11 frilled lizards
  24 kobolds
  A leopard gecko skeleton (D:7)
  A leopard gecko zombie (D:7)
  2 quokka skeletons
  11 rats
  A lurking horror (Abyss:3)
  2 starspawn tentacles (Abyss:2)
1854 creatures vanquished.

Vanquished Creatures (collateral kills)
  A deep elf demonologist (Elf:3)
  A deep elf annihilator (Elf:3)
  A deep elf high priest (Elf:3)
  A jumping spider (Spider:3)
4 creatures vanquished.

Vanquished Creatures (others)
  A deep elf knight (Elf:3)
  An orb spider (Spider:3)
  A water nymph (Shoals:2)
  A hornet (Vaults:5)
  2 golden eyes
  A chaos spawn (Abyss:3)
  An adder (D:2)
  4 white imps (IceCv)
  3 ufetubi (IceCv)
  An adder zombie (D:8)
  A bush (Abyss:2)
  14 demonic plants (Abyss:2)
  48 fungi
  A lurking horror (Abyss:2)
  64 plants
  10 starspawn tentacles
  5 withered plants (D:15)
159 creatures vanquished.

Grand Total: 2017 creatures vanquished

Notes
Turn   | Place    | Note
-------+----------+-------------------------------------------
     0 | D:1      | Viznar the Gargoyle Earth Elementalist began the quest for
                  | the Orb.
     0 | D:1      | Reached XP level 1. HP: 10/10 MP: 3/3
   333 | D:1      | Reached XP level 2. HP: 13/15 MP: 5/5
   388 | D:1      | Reached skill level 4 in Earth Magic
   704 | D:1      | Reached XP level 3. HP: 10/19 MP: 6/6
   708 | D:1      | Learned a level 3 spell: Stone Arrow
  1442 | D:2      | Found a hazy altar of Hepliaklqana.
  1622 | D:2      | Reached skill level 1 in Conjurations
  1830 | D:2      | Reached XP level 4. HP: 24/24 MP: 8/8
  2774 | D:3      | Reached skill level 5 in Earth Magic
  2805 | D:3      | Noticed Terence
  2837 | D:3      | Killed Terence
  2838 | D:3      | Reached XP level 5. HP: 18/28 MP: 1/10
  3047 | D:3      | Found a glowing drain.
  3061 | Sewer    | Entered a sewer
  3166 | Sewer    | Noticed a kobold brigand
  3235 | Sewer    | Killed a kobold brigand
  3236 | Sewer    | Reached XP level 6. HP: 32/32 MP: 11/11
  3310 | Sewer    | Found a glowing silver altar of Zin.
  3482 | D:3      | Noticed Grinder
  3485 | D:3      | Paralysed by Grinder for 4 turns
  3494 | D:3      | Killed Grinder
  3495 | D:3      | Reached skill level 6 in Earth Magic
  3495 | D:3      | Reached XP level 7. HP: 19/36 MP: 4/13
  3661 | D:3      | Found a shimmering altar of Xom.
  3665 | D:3      | Found a shimmering blue altar of Sif Muna.
  3958 | D:3      | Noticed Natasha
  3971 | D:3      | Killed Natasha
  4109 | D:3      | Found a stormy altar of Qazlal.
  4505 | D:3      | Found a broken altar of Ashenzari.
  4509 | D:3      | Found a basalt altar of Yredelemnul.
  4510 | D:3      | Found a glowing silver altar of Zin.
  4551 | D:3      | Noticed Natasha
  4560 | D:3      | Killed Natasha
  4689 | D:4      | Reached skill level 1 in Armour
  4852 | D:4      | Reached skill level 1 in Fighting
  4855 | D:4      | Reached skill level 1 in Maces & Flails
  5104 | D:4      | Reached XP level 8. HP: 43/43 MP: 8/15
  5578 | D:4      | Noticed Duvessa
  5580 | D:4      | Noticed Dowan
  5587 | D:4      | Killed Duvessa
  5588 | D:4      | Reached skill level 5 in Spellcasting
  5588 | D:4      | Reached skill level 7 in Earth Magic
  5589 | D:4      | Killed Dowan
  5699 | D:4      | Found Xobaghu's Antique Armour Emporium.
  5909 | D:5      | Entered Level 5 of the Dungeon
  6286 | D:5      | Reached skill level 5 in Conjurations
  6499 | D:5      | Learned a level 5 spell: Lee's Rapid Deconstruction
  6588 | D:5      | Reached skill level 1 in Evocations
  6592 | D:5      | Reached XP level 9. HP: 50/50 MP: 0/16
  6626 | D:5      | Found a staircase to the Ecumenical Temple.
  6641 | Temple   | Entered the Ecumenical Temple
  6893 | Temple   | Became a worshipper of Vehumet
  7221 | D:5      | Identified the ring "Linisior" {*Corrode rPois MP+9 Int+4
                  | Dex+9}
  8121 | D:6      | Reached * piety under Vehumet
  8121 | D:6      | Offered knowledge of Foxfire by Vehumet.
  8236 | D:6      | Identified the ring "Ukat" {rC+ rN+ Will+ Dex-5}
  8668 | D:7      | Reached skill level 8 in Earth Magic
  9085 | D:7      | Gained mutation: Your body sometimes deteriorates upon
                  | taking damage. [potion of mutation]
  9085 | D:7      | Gained mutation: You possess an exceptional clarity of
                  | mind. [potion of mutation]
  9131 | D:7      | Reached XP level 10. HP: 34/57 MP: 18/18
  9417 | D:7      | Offered knowledge of Freeze by Vehumet.
  9457 | D:7      | Reached ** piety under Vehumet
  9926 | D:8      | Noticed a two-headed ogre
  9929 | D:8      | Killed a two-headed ogre
  9930 | D:8      | Reached skill level 5 in Fighting
  9930 | D:8      | Reached skill level 5 in Armour
 10087 | D:8      | Offered knowledge of Conjure Flame by Vehumet.
 10318 | D:8      | Noticed Pikel
 10328 | D:8      | Killed Pikel
 10329 | D:8      | Reached skill level 9 in Earth Magic
 10369 | D:8      | Found a blossoming altar of Fedhas.
 10897 | D:9      | Noticed Erica
 10907 | D:9      | Killed Erica
 10908 | D:9      | Reached skill level 5 in Maces & Flails
 10908 | D:9      | Reached XP level 11. HP: 64/64 MP: 5/20
 11046 | D:9      | Found an opulent altar of Gozag.
 11110 | D:9      | Noticed Joseph
 11127 | D:9      | Killed Joseph
 11409 | D:9      | Found an ornate altar of the Wu Jian Council.
 11413 | D:9      | Reached *** piety under Vehumet
 11506 | D:10     | Entered Level 10 of the Dungeon
 11543 | D:10     | Lost mutation: Your body sometimes deteriorates upon taking
                  | damage. [potion of mutation]
 11543 | D:10     | Lost mutation: You possess an exceptional clarity of mind.
                  | [potion of mutation]
 11543 | D:10     | Gained mutation: You are frail. (-10% HP) [potion of
                  | mutation]
 11543 | D:10     | Gained mutation: You are very frail. (-20% HP) [potion of
                  | mutation]
 11543 | D:10     | Gained mutation: You are strong-willed. (Will+) [potion of
                  | mutation]
 11673 | D:10     | Noticed an unseen horror
 11699 | D:10     | Offered knowledge of Inner Flame by Vehumet.
 11705 | D:10     | Reached skill level 5 in Dodging
 11770 | D:10     | Found a staircase to the Lair.
 11798 | D:10     | Killed an unseen horror
 12213 | D:10     | Noticed Maurice
 12221 | D:10     | Reached **** piety under Vehumet
 12226 | D:10     | Killed Maurice
 12259 | D:10     | Offered knowledge of Fireball by Vehumet.
 12588 | D:10     | Found a staircase to the Orcish Mines.
 12751 | D:10     | Reached skill level 5 in Evocations
 13247 | D:11     | Reached XP level 12. HP: 56/56 MP: 23/23
 13378 | D:11     | Noticed a two-headed ogre
 13391 | D:11     | Reached skill level 10 in Earth Magic
 13392 | D:11     | Killed a two-headed ogre
 13882 | D:12     | Noticed a two-headed ogre
 13891 | D:12     | Killed a two-headed ogre
 13891 | D:12     | Reached ***** piety under Vehumet
 13891 | D:12     | Offered knowledge of Iskenderun's Mystic Blast by Vehumet.
 14126 | D:12     | Identified the +11 whip of Dissolution {venom, Will+ Dex+4}
 14297 | D:12     | Noticed a boulder beetle
 14405 | D:12     | Noticed Nergalle
 14415 | D:12     | Killed Nergalle
 14451 | D:12     | Killed a boulder beetle
 14710 | D:12     | Found a runed translucent gate.
 14710 | D:12     | Found a runed translucent gate.
 14710 | D:12     | Found a runed translucent gate.
 14710 | D:12     | Noticed a deep elf knight
 14710 | D:12     | Noticed Fafruxeps's ghost (journeyman DsCj)
 14710 | D:12     | Identified the +3 robe "Yffoavvy" {rElec rN+}
 14710 | D:12     | Noticed a tengu warrior
 14711 | D:12     | Found an iron altar of Okawaru.
 14711 | D:12     | Noticed a centaur warrior
 14711 | D:12     | Noticed a centaur warrior
 14711 | D:12     | Noticed a tengu warrior
 15018 | D:12     | Noticed Azrael
 15077 | D:12     | Killed Azrael
 15078 | D:12     | Reached XP level 13. HP: 62/62 MP: 16/25
 15450 | D:13     | Identified the +7 trident "Matwups" {protect, rC+}
 15581 | D:13     | Reached skill level 11 in Earth Magic
 15841 | D:13     | Found a gate to the Vaults.
 15900 | D:13     | Found a huge runed gate.
 15904 | D:13     | Found a huge runed gate.
 15906 | D:13     | Found a huge runed gate.
 15906 | D:13     | Found a huge runed gate.
 15939 | D:13     | Found a huge runed gate.
 15939 | D:13     | Found a huge runed gate.
 15939 | D:13     | Found a huge runed gate.
 15939 | D:13     | Found a huge runed gate.
 16058 | D:13     | Found a huge runed gate.
 16058 | D:13     | Found a huge runed gate.
 16058 | D:13     | Found a huge runed gate.
 16059 | D:13     | Found a huge runed gate.
 16073 | D:13     | Found a huge runed gate.
 16074 | D:13     | Found a huge runed gate.
 16076 | D:13     | Found a huge runed gate.
 16076 | D:13     | Found a huge runed gate.
 16151 | D:13     | Learned a level 6 spell: Iron Shot
 16157 | D:13     | Learned a level 5 spell: Bolt of Magma
 16358 | D:13     | Noticed Rupert
 16705 | D:13     | Killed Rupert
 16706 | D:13     | Reached skill level 1 in Fire Magic
 17009 | D:13     | Found a huge runed gate.
 17009 | D:13     | Found a huge runed gate.
 17009 | D:13     | Found a huge runed gate.
 17013 | D:13     | Found a huge runed gate.
 17014 | D:13     | Found a huge runed gate.
 17020 | D:13     | Noticed a sphinx
 17020 | D:13     | Noticed a fire giant
 17020 | D:13     | Noticed a tengu reaver
 17020 | D:13     | Noticed a yaktaur captain
 17020 | D:13     | Noticed a fire giant
 17020 | D:13     | Noticed a yaktaur captain
 17021 | D:13     | Noticed a storm dragon
 17021 | D:13     | Noticed a yaktaur captain
 17024 | D:13     | Killed a sphinx
 17024 | D:13     | Killed a yaktaur captain
 17025 | D:13     | HP: 3/64 [tengu reaver/+1 war axe of freezing (8)]
 17245 | D:13     | Killed a fire giant
 17502 | D:13     | Killed a tengu reaver
 17503 | D:13     | Reached skill level 10 in Conjurations
 17592 | D:13     | Killed a storm dragon
 17593 | D:13     | Gained mutation: Your large and strong wings let you fly
                  | indefinitely. [Gargoyle growth]
 17593 | D:13     | Reached XP level 14. HP: 58/68 MP: 9/26
 17794 | D:12     | Killed Fafruxeps's ghost
 17946 | D:13     | Reached skill level 5 in Fire Magic
 18116 | D:13     | Killed a fire giant
 18246 | D:13     | Found a gate to the Vaults.
 18745 | D:14     | Reached skill level 12 in Earth Magic
 19813 | Lair:1   | Entered Level 1 of the Lair of Beasts
 20203 | Lair:1   | Offered knowledge of Lightning Bolt by Vehumet.
 22054 | Lair:2   | Found a staircase to the Shoals.
 22133 | Lair:3   | Reached XP level 15. HP: 73/73 MP: 28/28
 22328 | Lair:3   | Found a broken altar of Ashenzari.
 22449 | Lair:3   | Reached skill level 10 in Fighting
 22548 | Lair:3   | Found a hole to the Spider Nest.
 24138 | Lair:4   | Offered knowledge of Eringya's Noxious Bog by Vehumet.
 24920 | Lair:5   | Identified the +6 morningstar "Rafimyo" {holy, Str+4}
 24969 | Lair:5   | Found a staircase to the Slime Pits.
 25283 | Lair:5   | Identified the +2 dagger "Fopagilo" {vamp, Int+3 Dex+3}
 25707 | Lair:6   | Entered Level 6 of the Lair of Beasts
 25996 | Lair:6   | Reached skill level 10 in Spellcasting
 26636 | Lair:6   | Reached skill level 13 in Earth Magic
 26639 | Lair:6   | Reached XP level 16. HP: 64/79 MP: 18/30
 26648 | Lair:6   | Identified the +8 shortbow "Ceros" {flame, Str+4 Dex+3}
 26718 | Lair:6   | Lost mutation: You are very frail. (-20% HP) [potion of
                  | mutation]
 26718 | Lair:6   | Lost mutation: You are strong-willed. (Will+) [potion of
                  | mutation]
 26718 | Lair:6   | Lost mutation: You are frail. (-10% HP) [potion of
                  | mutation]
 26718 | Lair:6   | Gained mutation: You have large cloven feet. [potion of
                  | mutation]
 26718 | Lair:6   | Gained mutation: You evolve. [potion of mutation]
 27301 | Lair:6   | Found a large runed translucent door.
 27302 | Lair:6   | Found a large runed translucent door.
 27416 | Lair:6   | Offered knowledge of Irradiate by Vehumet.
 28065 | Orc:1    | Entered Level 1 of the Orcish Mines
 28072 | Orc:1    | Learned a level 5 spell: Irradiate
 28490 | Orc:1    | Found a runed translucent gate.
 28497 | Orc:1    | Found a runed translucent gate.
 28498 | Orc:1    | Noticed Voek's ghost (journeyman HOFi)
 28502 | Orc:1    | Found a runed translucent gate.
 28506 | Orc:1    | Identified the +7 hand axe "Enaurila" {pain, +Fly rElec rN+
                  | Int-5}
 28506 | Orc:1    | Identified the +2 chain mail of the Unseen Realm {rF+
                  | Int+3}
 28507 | Orc:1    | Identified the +9 plate armour of Naisofi {*Contam rElec
                  | rPois rF+}
 28508 | Orc:1    | Found a roughly hewn altar of Beogh.
 28710 | Orc:2    | Entered Level 2 of the Orcish Mines
 28718 | Orc:2    | Reached skill level 10 in Maces & Flails
 28729 | Orc:2    | Found Pustris's Book Emporium.
 28730 | Orc:2    | Noticed Saint Roka
 28732 | Orc:2    | Found Xafatwal's General Store.
 28732 | Orc:2    | Found Itiguano's Armour Shoppe.
 28734 | Orc:2    | Found a staircase to the Elven Halls.
 29481 | Orc:2    | Found Hiolineu's Magic Scroll Emporium.
 29500 | Orc:2    | Bought a scroll of blinking for 97 gold pieces
 29500 | Orc:2    | Bought a scroll of identify for 26 gold pieces
 29500 | Orc:2    | Bought a scroll of identify for 26 gold pieces
 29500 | Orc:2    | Bought a scroll of identify for 26 gold pieces
 29517 | Orc:2    | Offered knowledge of Starburst by Vehumet.
 29527 | Orc:2    | Killed Saint Roka
 30421 | D:15     | Entered Level 15 of the Dungeon
 30421 | D:15     | Found Vokocsel's General Store.
 30425 | D:15     | Bought a potion of invisibility for 144 gold pieces
 30425 | D:15     | Bought a scroll of identify for 36 gold pieces
 30425 | D:15     | Bought a scroll of acquirement for 936 gold pieces
 30428 | D:15     | Acquired the ring "Ityneifej" {Int+4 Dex+6}
 30529 | D:15     | Found a basalt altar of Yredelemnul.
 30556 | D:15     | Found a staircase to the Depths.
 30886 | D:15     | Reached skill level 10 in Fire Magic
 31340 | D:15     | Reached XP level 17. HP: 103/104 MP: 31/31
 32051 | D:15     | Upgraded the game from 0.27-a0-445-gbe96e517c0 to
                  | 0.27-a0-457-gba82baf56e
 32225 | Shoals:1 | Entered Level 1 of the Shoals
 32668 | Shoals:1 | Learned a level 6 spell: Starburst
 33312 | Shoals:1 | Noticed Donald
 33320 | Shoals:1 | Killed Donald
 33492 | Shoals:1 | Reached ****** piety under Vehumet
 34055 | Shoals:2 | Offered knowledge of Ozocubu's Refrigeration by Vehumet.
 34098 | Shoals:2 | Lost mutation: You evolve. [evolution]
 34283 | Shoals:2 | Found a transporter.
 34303 | Shoals:2 | Found a transporter.
 34308 | Shoals:2 | Noticed ReteAZ's ghost (journeyman MiGl)
 34367 | Shoals:2 | Reached skill level 14 in Earth Magic
 35001 | Shoals:3 | Found a frozen archway.
 35005 | IceCv    | Entered an ice cave
 35786 | IceCv    | Noticed an Ice Fiend
 35789 | IceCv    | Noticed an Ice Fiend
 35796 | IceCv    | Killed an Ice Fiend
 35810 | IceCv    | Killed an Ice Fiend
 35811 | IceCv    | Reached skill level 10 in Evocations
 35825 | IceCv    | Identified Witchcraft, Part Four
 36166 | IceCv    | Learned a level 2 spell: Passwall
 36526 | Shoals:3 | Identified the amulet "Pehudgh" {RegenMP rF+ SInv}
 36828 | Shoals:3 | Offered knowledge of Lehudib's Crystal Spear by Vehumet.
 37421 | Spider:1 | Entered Level 1 of the Spider Nest
 37539 | Spider:1 | Reached XP level 18. HP: 112/112 MP: 31/33
 39817 | Spider:3 | Noticed Agnes
 39819 | Spider:3 | Noticed Arachne
 39824 | Spider:3 | Killed Agnes
 39825 | Spider:3 | Reached skill level 10 in Dodging
 39829 | Spider:3 | Noticed Nikola
 40049 | Spider:3 | Offered knowledge of Fire Storm by Vehumet.
 40049 | Spider:3 | Offered knowledge of Shatter by Vehumet.
 40049 | Spider:3 | Offered knowledge of Chain Lightning by Vehumet.
 40240 | Spider:3 | Killed Arachne
 40458 | Spider:3 | Killed Nikola
 41416 | Elf:1    | Entered Level 1 of the Elven Halls
 41431 | Elf:1    | Noticed Louise
 41509 | Elf:1    | Killed Louise
 41579 | Elf:1    | Found Fasige Jita's Weapon Boutique.
 41892 | Elf:1    | Cast into level 2 of the Abyss (a deep elf sorcerer)
 42354 | Abyss:2  | Reached XP level 19. HP: 83/118 MP: 34/34
 42457 | Elf:1    | Escaped the Abyss
 42940 | Elf:1    | Lost mutation: You have large cloven feet. [potion of
                  | mutation]
 42940 | Elf:1    | Gained mutation: You have large cloven feet. [potion of
                  | mutation]
 42940 | Elf:1    | Gained mutation: You evolve. [potion of mutation]
 42940 | Elf:1    | Gained mutation: Potions are less effective at restoring
                  | your health. [potion of mutation]
 42940 | Elf:1    | Gained mutation: Your muscles are strong. (Str +2) [potion
                  | of mutation]
 43042 | Elf:3    | Entered Level 3 of the Elven Halls
 43049 | Elf:3    | Reached skill level 15 in Earth Magic
 43172 | Elf:1    | Gained mutation: You expend magic power (3 MP) to
                  | strengthen your wands. [evolution]
 43172 | Elf:1    | Lost mutation: You evolve. [end of evolution]
 43173 | Elf:1    | Lost mutation: You have large cloven feet. [potion of
                  | mutation]
 43173 | Elf:1    | Lost mutation: You expend magic power (3 MP) to strengthen
                  | your wands. [potion of mutation]
 43173 | Elf:1    | Gained mutation: You are agile. (Dex +2) [potion of
                  | mutation]
 43173 | Elf:1    | Gained mutation: You are partially covered in yellow
                  | scales. (AC +2) [potion of mutation]
 43417 | Elf:2    | Found Siho's Antique Armour Emporium.
 43417 | Elf:2    | Found Jogaan's Weapon Shoppe.
 43419 | Elf:2    | Found Linwiv's General Store.
 43421 | Elf:2    | Found Ummaucob's Distillery.
 43457 | Elf:2    | Bought a potion of curing for 42 gold pieces
 43457 | Elf:2    | Bought a potion of invisibility for 112 gold pieces
 43457 | Elf:2    | Bought a potion of ambrosia for 112 gold pieces
 43457 | Elf:2    | Bought a potion of ambrosia for 112 gold pieces
 43457 | Elf:2    | Bought a potion of mutation for 112 gold pieces
 43457 | Elf:2    | Bought 2 potions of haste for 280 gold pieces
 43457 | Elf:2    | Bought a potion of berserk rage for 70 gold pieces
 43457 | Elf:2    | Bought a potion of experience for 700 gold pieces
 43462 | Elf:2    | Reached XP level 20. HP: 124/124 MP: 31/36
 43497 | Elf:2    | Bought a potion of curing for 54 gold pieces
 43497 | Elf:2    | Bought a scroll of identify for 36 gold pieces
 43497 | Elf:2    | Bought a scroll of identify for 36 gold pieces
 43497 | Elf:2    | Bought a potion of brilliance for 72 gold pieces
 43497 | Elf:2    | Bought a potion of berserk rage for 90 gold pieces
 43592 | Elf:2    | Found a runed translucent gate.
 43592 | Elf:2    | Found a runed translucent gate.
 43592 | Elf:2    | Found a runed translucent gate.
 44382 | Elf:3    | Found a large runed translucent door.
 44382 | Elf:3    | Found a large runed translucent door.
 44383 | Elf:3    | Noticed Govadawn's ghost (adept DsIE)
 45046 | Elf:3    | Noticed a Brimstone Fiend
 45503 | Elf:3    | Identified the ring "Adyic" {+Inv rN+ Dex+8}
 45533 | Elf:3    | Cast into level 2 of the Abyss (a deep elf sorcerer)
 46035 | Abyss:2  | Reached XP level 21. HP: 130/130 MP: 38/38
 46153 | Abyss:2  | Found a corrupted altar of Lugonu.
 46156 | Elf:3    | Escaped the Abyss
 46382 | Elf:3    | Cast into level 3 of the Abyss (a deep elf demonologist)
 46424 | Abyss:3  | Found a corrupted altar of Lugonu.
 46574 | Abyss:3  | Found a runed translucent gate.
 46574 | Abyss:3  | Found a runed translucent gate.
 46574 | Abyss:3  | Found a runed translucent gate.
 46677 | Abyss:3  | Found a runed translucent gate.
 47154 | Abyss:3  | Noticed a bone dragon
 47183 | Abyss:3  | Found a corrupted altar of Lugonu.
 47276 | Elf:3    | Escaped the Abyss
 47306 | Elf:3    | Identified the +10 halberd "Caanamom" {vorpal, Str+5}
 47544 | Elf:3    | Identified the Incunabulum of Virous Fire
 47547 | Elf:3    | Identified the Catalogue of the Excruciating Snowflakes
 47867 | Elf:3    | Learned a level 8 spell: Ignition
 48136 | Spider:4 | Entered Level 4 of the Spider Nest
 48534 | Spider:4 | Identified the ring "Xureil" {rPois rN+ AC+4 Str+6 Slay-6}
 48769 | Spider:4 | Identified the +1 chain mail "Sefyliepeo" {rC- Str+5 Int+2
                  | SInv}
 49086 | Spider:4 | Reached skill level 16 in Earth Magic
 49809 | Spider:4 | Got a gossamer rune of Zot
 50044 | Shoals:4 | Entered Level 4 of the Shoals
 50044 | Shoals:4 | Identified Roxanne's Handbook of Transformation
 50044 | Shoals:4 | Noticed Roxanne
 50051 | Shoals:4 | Killed Roxanne
 50055 | Shoals:4 | Reached skill level 15 in Fire Magic
 50055 | Shoals:4 | Reached XP level 22. HP: 137/137 MP: 16/39
 50714 | Shoals:4 | Got a barnacled rune of Zot
 50858 | Shoals:4 | Noticed Aizul
 50870 | Shoals:4 | Killed Aizul
 50943 | Shoals:4 | Noticed Polyphemus
 50950 | Shoals:4 | Killed Polyphemus
 51358 | Shoals:4 | Identified Sif Muna's Grimoire of Toxic Ice
 52061 | Vaults:1 | Entered Level 1 of the Vaults
 52474 | Vaults:1 | Found a runed translucent door.
 52474 | Vaults:1 | Noticed So1o's ghost (adept FeEn)
 52489 | Vaults:1 | Killed So1o's ghost
 53275 | Vaults:1 | Reached skill level 5 in Stealth
 53675 | Vaults:2 | Reached skill level 15 in Conjurations
 53779 | Vaults:2 | Reached skill level 1 in Axes
 54041 | Vaults:2 | Reached skill level 17 in Earth Magic
 54067 | Vaults:2 | Lost mutation: Your muscles are strong. (Str +2) [potion of
                  | mutation]
 54067 | Vaults:2 | Lost mutation: You are agile. (Dex +2) [potion of mutation]
 54067 | Vaults:2 | Gained mutation: You are strong-willed. (Will+) [potion of
                  | mutation]
 54067 | Vaults:2 | Gained mutation: You are robust. (+10% HP) [potion of
                  | mutation]
 54067 | Vaults:2 | Gained mutation: You are highly strong-willed. (Will++)
                  | [potion of mutation]
 54067 | Vaults:2 | Gained mutation: You have a pair of small antennae on your
                  | head. [potion of mutation]
 54357 | Vaults:2 | Reached XP level 23. HP: 149/157 MP: 32/41
 54884 | Vaults:2 | You are sucked into a shaft and drop 1 floor!
 55654 | Vaults:3 | Found a staircase to the Crypt.
 55654 | Vaults:3 | Found a basalt altar of Yredelemnul.
 55654 | Vaults:3 | Found an ancient bone altar of Kikubaaqudgha.
 56586 | Vaults:3 | Reached skill level 15 in Fighting
 56935 | Vaults:3 | Reached skill level 18 in Earth Magic
 57396 | Vaults:4 | Acquired 816 gold pieces
 57680 | Vaults:4 | Reached skill level 19 in Earth Magic
 59015 | Vaults:4 | Identified the +8 falchion of Valuable Assets {drain,
                  | +Blink Str+2}
 59079 | Vaults:5 | Entered Level 5 of the Vaults
 59081 | Vaults:5 | Reached skill level 20 in Earth Magic
 59081 | Vaults:5 | Reached XP level 24. HP: 165/165 MP: 41/41
 59209 | Vaults:4 | Learned a level 9 spell: Shatter
 59222 | Vaults:5 | Reached skill level 21 in Earth Magic
 59450 | Vaults:3 | Gained mutation: You are weak. (Str -2) [mutagenic glow]
 59816 | Vaults:4 | Reached skill level 22 in Earth Magic
 60017 | Vaults:4 | HP: 7/165 [tengu reaver/+2 broad axe of distortion (17)]
 60017 | Vaults:4 | Demolished by a tengu reaver

Illustrated notes

Levels and vault maps discovered:
D:1:      scummos_arrival_checkerplants, layout_rooms, patterned_corridor
D:2:      layout_loops_corners, lemuel_altar_in_water
D:3:      layout_basic, nicolae_overflow_hidden_temple,
          yredelemnul_altar_generic, nicolae_qazlal_eye_of_the_storm,
          gup_sewer_entry_pipe, st_stairs_9, uniq_natasha, uniq_terence,
          uniq_grinder
D:4:      layout_loops_cross, serial_shops, shop, uniq_duvessa
D:5:      minmay_opposing_rooms, layout_loops_ring,
          minmay_temple_entry_statues_fountains
D:6:      layout_basic, grunt_ministairs_8
D:7:      kennysheep_windowed_halls, layout_basic, grunt_ministairs_7
D:8:      layout_basic, lemuel_coloured_pillars_altar, lemuel_flamethrower_2,
          uniq_pikel
D:9:      layout_roguey, kennysheep_little_box, kennysheep_mini_moat,
          grunt_decor_resistance, uniq_joseph, uniq_erica
D:10:     layout_long_grid, minmay_lair_entry_grove, orc_david_3,
          minmay_hedge_maze, uniq_maurice
D:11:     layout_basic
D:12:     layout_rooms, serial_rivers, chequers_serial_rivers_large_a,
          chequers_serial_rivers_large_b, chequers_serial_rivers_micro_c,
          chequers_serial_rivers_marsh, gammafunk_ghost_fury_of_okawaru,
          uniq_azrael, uniq_nergalle
D:13:     layout_roguey, erik_vaults_1, drop_trap, door_vault, uniq_rupert
D:14:     layout_long_grid
D:15:     gammafunk_depths_entry_grave, layout_stronghold,
          minmay_misc_feat_secret_circle, serial_shops, shop, basic_altar,
          hex_medium
Temple:   cyrus_circular_temple
Lair:1:   layout_gridlike, chequers_serial_rivers_micro_b, beast_lair_carwin_11,
          grunt_megastairs_5, infiniplex_staircase_pool
Lair:2:   layout_cave_shapes, minmay_shoals_entry_lonely_mermaid,
          lemuel_fruit_tree, infiniplex_staircase_pool_2
Lair:3:   layout_regular_city, spider_nest_entry_a, amcnicky_altar_gilded,
          grunt_megastairs_3, lemuel_fruit_fields
Lair:4:   layout_cave_pods, grunt_megastairs_4
Lair:5:   layout_gridlike, slime_dummy, beast_lair_carwin_2
Lair:6:   cheibrodos_lair_end_hotspot, layout_loops_ring, lemuel_old_faithful
Shoals:1: cheibrodos_shoals_oceanic_diplomacy, layout_shoals, uniq_donald
Shoals:2: layout_shoals, gammafunk_ghost_berserking_beasts,
          nicolae_shoals_water_shrine
Shoals:3: layout_shoals, portal_ice_cave_entry_pillars_four
Shoals:4: shoals_end_simple, layout_shoals, yaktaur_hedge, uniq_polyphemus,
          uniq_roxanne, uniq_aizul
Spider:1: layout_spider_delve, nicolae_spider_webs_and_nodes
Spider:2: layout_chambers
Spider:3: layout_spider_delve, spiders_nest_the_unseen, uniq_nikola,
          uniq_arachne, uniq_agnes
Spider:4: floodkiller_spider_rune_tomb, worms_lemuel
Orc:1:    layout_caves, biasface_ghost_orc_armoury
Orc:2:    st_orc_open, layout_caves, uniq_saint_roka
Elf:1:    minmay_elf_arrival_summoners, layout_loops_ring, serial_shops, shop,
          hangedman_elf_disciples, eino_tiny_chamber, uniq_louise
Elf:2:    layout_rooms, grunt_ministairs_6, st_stairs_8, minmay_shoptagon,
          lemuel_elevator
Elf:3:    elf_hall, layout_onion_city, ebering_ghost_disaster_area
Vaults:1: gammafunk_vaults_ghost_grave, v_pattern_2, hangedman_vaults_locks,
          v_misc_30, ontoclasm_vaults_gateway, ontoclasm_vaults_idyll,
          v_rooms_1, nicolae_vaults_little_ls, ontoclasm_vaults_chip,
          grunt_vaults_focal, nicolae_vaults_little_squares_3,
          vaults_room_grunt_arrival_checkpoint, vaults_dpeg_hooks,
          layout_vaults_omnicross
Vaults:2: vaults_dpeg_diagonal, nicolae_vaults_branching_niches,
          grunt_vaults_funnel, grunt_vaults_bifocal,
          vaults_standard_mumra_lines, nicolae_vaults_asterisk,
          ontoclasm_vaults_tryst, nicolae_vaults_diagonal_hallway_7,
          vaults_mumra_minichess, v_misc_32, v_misc_13, layout_vaults_ring
Vaults:3: minmay_crypt_entry_necro_gods, v_rooms_4, hangedman_vaults_stitches,
          nicolae_vaults_angled_halls, nicolae_vaults_little_squares_1,
          serial_ice_h, vaults_mumra_hex, nicolae_vaults_yaktaur_gun_rack,
          vaults_room_semicircle, layout_vaults_omnigrid
Vaults:4: nicolae_vaults_gold_heap, hangedman_vaults_corner, v_misc_33,
          vaults_dpeg_ring, ontoclasm_vaults_fault, hangedman_vaults_maws,
          v_misc_15, v_misc_18, nicolae_vaults_little_squares_1,
          vaults_mumra_chevron, nicolae_vaults_network_square,
          nicolae_vaults_sealed_display, ontoclasm_vaults_claustrophobia,
          nicolae_vaults_little_squares_3, nicolae_vaults_diagonal_hallway_8,
          layout_vaults_maze_bifur
Vaults:5: uniq_margery

Skill      XL: |  1  2  3  4  5  6  7  8  9 10 11 12 13 14 15 16 17 18 19 20 21 22 23 24 |
---------------+-------------------------------------------------------------------------+-----
Earth Magic    | 4 5 6 7 8 9 10 11 12 13 14 15 16 17 20 22 | 22.7
Conjurations   | 1 2 3 4 5 6 7 8 9 10 11 12 13 14 15 | 15.5
Spellcasting   | 3 4 5 6 7 8 9 10 11 12 13 14 | 14.2
Armour         | 1 3 4 5 6 |  6.0
Fighting       | 1 3 4 5 6 8 9 10 11 12 13 14 15 | 15.0
Maces & Flails | 1 2 3 5 6 7 8 9 10 11 12 13 | 13.3
Dodging        | 2 3 4 5 6 7 8 9 10 11 12 | 12.2
Evocations     | 1 2 4 5 6 7 8 9 10 | 10.0
Fire Magic     | 4 6 8 10 11 12 13 15 | 15.8
Stealth        | 6 |  6.0
Axes           | 2 3 |  3.6
Transmutations | |  0.7

Action                   |  1- 3 |  4- 6 |  7- 9 | 10-12 | 13-15 | 16-18 | 19-21 | 22-24 || total
-------------------------+-------+-------+-------+-------+-------+-------+-------+-------++-------
Melee: Club              |    42 |       |       |       |       |       |       |       ||    42
       Dagger            |   102 |   206 |   143 |       |       |       |       |       ||   451
       Rapier            |       |       |   231 |   355 |       |       |       |       ||   586
       Whip              |       |       |       |    12 |   573 |   620 |       |       ||  1205
       Demon whip        |       |       |       |       |       |   358 |   577 |   632 ||  1567
 Cast: Sandblast         |    11 |    33 |    73 |    39 |    11 |       |     1 |       ||   168
       Stone Arrow       |       |       |    15 |    77 |    32 |     4 |       |       ||   128
       Lee's Rapid Decon |       |       |     8 |    67 |    35 |    50 |    19 |    11 ||   190
       Iron Shot         |       |       |       |       |    50 |   149 |   217 |    91 ||   507
       Bolt of Magma     |       |       |       |       |    82 |    92 |    16 |    14 ||   204
       Irradiate         |       |       |       |       |       |    25 |     2 |       ||    27
       Starburst         |       |       |       |       |       |    33 |       |       ||    33
       Passwall          |       |       |       |       |       |     2 |       |     2 ||     4
       Ignition          |       |       |       |       |       |       |    22 |   104 ||   126
       Shatter           |       |       |       |       |       |       |       |    11 ||    11
 Abil: Fly               |       |       |       |       |     1 |       |       |       ||     1
Evoke: Wand              |       |       |       |     4 |     4 |     6 |       |       ||    14
       Tin of tremorston |       |       |       |       |     7 |     6 |     4 |       ||    17
       Box of beasts     |       |       |       |       |       |     1 |     2 |       ||     3
       Phantom mirror    |       |       |       |       |       |     1 |     3 |       ||     4
       Lightning rod     |       |       |       |       |       |       |     4 |       ||     4
  Use: Scroll            |     4 |     2 |    15 |     5 |     5 |    17 |     6 |     5 ||    59
       Potion            |       |       |     3 |     4 |     4 |     8 |     9 |     1 ||    29
 Stab: Sleeping          |     2 |     2 |     6 |     1 |     3 |     9 |     2 |    11 ||    36
       Distracted        |       |       |       |     1 |     1 |     2 |     3 |       ||     7
       Paralysed         |       |       |       |    13 |       |       |       |       ||    13
Armor: Robe              |    54 |    69 |   213 |    26 |       |       |       |       ||   362
       Leather armour    |       |       |       |   194 |   236 |   373 |   200 |   232 ||  1235
Dodge: Dodged            |   100 |   147 |   325 |   442 |   511 |  1024 |   715 |   597 ||  3861

Table legend: (Time is in decaauts)
 A = Elapsed time spent in this place.
 B = Non-inter-level travel time spent in this place.
 C = Inter-level travel time spent in this place.
 D = Time resting spent in this place.
 E = Time spent auto-exploring this place.
 F = Levels seen in this place.
 G = Mean time per level.
                   A        B        C        D        E       F      G
               +--------+--------+--------+--------+--------+-----+--------+
         Total |  59170 |  56529 |   2641 |  10503 |  35396 |  45 | 1314.9 |
       Dungeon |  21297 |  20541 |    756 |   3025 |  13469 |  15 | 1419.8 |
        Temple |    265 |    252 |     13 |      0 |    245 |   1 |  265.0 |
          Lair |   8357 |   7764 |    593 |    352 |   6387 |   6 | 1392.8 |
        Shoals |   5775 |   5483 |    292 |    792 |   3764 |   4 | 1443.8 |
   Spider Nest |   5548 |   5323 |    225 |   1401 |   2898 |   4 | 1387.0 |
  Orcish Mines |   2360 |   2216 |    144 |    756 |   1048 |   2 | 1180.0 |
   Elven Halls |   4350 |   4025 |    325 |    953 |   2250 |   3 | 1450.0 |
        Vaults |   7748 |   7458 |    290 |   1537 |   4839 |   5 | 1549.6 |
         Abyss |   1931 |   1931 |      0 |    814 |    270 |   3 |  643.7 |
         Sewer |    378 |    378 |      0 |      0 |    215 |   1 |  378.0 |
      Ice Cave |   1156 |   1156 |      0 |    872 |     10 |   1 | 1156.0 |
               +--------+--------+--------+--------+--------+-----+--------+

Top non-repeatable levels by time:
    D:13: 2788 daAuts
Vaults:3: 2312 daAuts
   Elf:3: 2245 daAuts
Vaults:4: 2240 daAuts
Spider:2: 2130 daAuts
  Lair:6: 1986 daAuts
Vaults:2: 1918 daAuts
    D:12: 1862 daAuts
Shoals:1: 1813 daAuts
Spider:4: 1687 daAuts
     D:3: 1683 daAuts
    D:10: 1618 daAuts
Shoals:3: 1598 daAuts
    D:15: 1580 daAuts
     D:2: 1566 daAuts
